cohdb
Replays
Latest Replays
All Replays
Popular Replays
Top Player Replays
Match Explorer
How It Works
Community
CoH3 Stats
Reddit
Sign in to upload your games and track your stats! →
Sign in with Steam
Match 46205574
Unlisted
Match 46205574
Overview
Messages
Build Orders
End
Kradschützen Motorcycle Team
Selects Italian Combined Arms Battlegroup
Selects Bersaglieri Squad
Bersaglieri Squad
Bersaglieri Squad
Construct Light Support Kompanie
MG34 Team
Construct Mechanized Kompanie
Selects Semovente da 75/18 Assault Gun
Semovente da 75/18 Assault Gun
Vehicle Survival Package
Selects Strafing Run
Panzerpioneer Squad
Support Armor Elements
Veteran Squad Leaders
Strafing Run
Selects Pact of Steel
8 Rad Armored Car
Strafing Run
Selects Vehicle Support - Secure Location
Emergency Repair Kits
2.5-tonne Medical Truck
Strafing Run
254 Reconnaissance Tractor
VonManteuffel
Heartless Jäger
Dr. Jekyll
PutPut-AusarTheVile
0
0
Comments
sign in to comment!
No comments posted yet!